 Dungeon Crawl Stone Soup version 0.31-a0-188-g5e087ee2ca (webtiles) character file.

Game seed: 7389863013944651677

568 qw the Skirmisher (level 7, -4/40 HPs)
             Began as a Deep Elf Hunter on June 23, 2023.
             Slain by an orc warrior
             ... wielding a +0 flail
              (5 damage)
             ... on level 6 of the Dungeon.
             The game lasted 00:01:24 (3119 turns).

qw the Skirmisher (Deep Elf Hunter)                 Turns: 3119, Time: 00:01:25

Health: -4/40      AC:  9    Str: 10    XL:     7   Next: 11%
Magic:  9/9        EV: 12    Int: 14    God:
Gold:   205        SH:  0    Dex: 24    Spells: 6/6 levels left

rFire   . . .        Y - +0 shortbow (drain)
rCold   + . .        (shield currently unavailable)
rNeg    . . .        l - +0 ring mail
rPois   .            (no helmet)
rElec   .            b - +0 cloak
rCorr   .            a - +2 pair of gloves
SInv    .            (no boots)
Will    .....        (no amulet)
Stlth   ++           e - +6 ring of dexterity
HPRegen 0.26/turn    o - ring of protection from cold
MPRegen 0.11/turn

%: no passive effects
@: no status effects
A: no striking features
a: no special abilities


You were on level 6 of the Dungeon.
You visited 1 branch of the dungeon, and saw 5 of its levels.

You collected 205 gold pieces.


   Skills:
 - Level 2.0 Fighting
 - Level 10.1 Ranged Weapons
 - Level 1.9 Armour
 + Level 3.4 Dodging
 - Level 1.2 Stealth


You had 6 spell levels left.
You didn't know any spells.
Your spell library was empty.

Inventory:

Hand Weapons
 Y - a +0 shortbow of draining (weapon)
Armour
 a - a +2 pair of gloves (worn)
 b - a +0 cloak (worn)
 l - a +0 ring mail (worn)
Jewellery
 e - a +6 ring of dexterity (left hand)
 n - a +6 ring of strength
 o - a ring of protection from cold (right hand)
Scrolls
 c - a scroll of identify
Potions
 g - a potion of attraction {unknown}
 i - 2 potions of haste
 j - a potion of lignification {unknown}
 k - a potion of ambrosia {unknown}
 m - a potion of curing {unknown}
 p - a potion of brilliance {unknown}

Dungeon Overview and Level Annotations

Branches:
Dungeon (6/15)
 Temple: D:4-7

Altars:
Dithmenos
Elyvilon
Gozag
Qazlal
Wu Jian

Shops:
D:1 :


Message History

You shoot an arrow.
The arrow hits the iguana but does no damage.
The iguana is severely wounded.
The orc warrior hits you with a +0 flail!
The iguana misses you.
You shoot an arrow. The arrow hits the iguana.
You drain the iguana.
You kill the iguana!
The orc warrior hits you with a +0 flail.
You shoot an arrow.
The arrow closely misses the orc warrior.
The orc warrior misses you. x2
You shoot an arrow.
The arrow barely misses the orc warrior.
The orc warrior closely misses you.
You shoot an arrow.
The arrow hits the orc warrior but does no damage.
The orc warrior hits you with a +0 flail.
You shoot an arrow. The arrow hits the orc warrior.
You drain the orc warrior.
The orc warrior is lightly wounded.
The orc warrior closely misses you.
You shoot an arrow.
The arrow barely misses the orc warrior.
The orc warrior misses you.
You shoot an arrow. The arrow hits the orc warrior.
You drain the orc warrior.
The orc warrior is moderately wounded.
The orc warrior closely misses you.
You shoot an arrow.
The arrow closely misses the orc warrior.
The orc warrior hits you with a +0 flail!
You shoot an arrow. The arrow hits the orc warrior!
You drain the orc warrior.
The orc warrior is almost dead.
The orc warrior hits you with a +0 flail.
You shoot an arrow.
The arrow hits the orc warrior but does no damage.
The orc warrior is almost dead.
The orc warrior hits you with a +0 flail!
You shoot an arrow.
The arrow barely misses the orc warrior.
The orc warrior hits you with a +0 flail.
You die...

####### #..###
. #.....# ##.##
.##.##.## #..#
#.##.##.# ##.##
..#..#..# ##..#
#.##.##.###..##
#. #..#..##.##
#o##.##.###.#
#@##.##.##.#
#..$).#.....#
##########..#
....# ######


You could see an orc warrior (very drained).

Vanquished Creatures
  A black bear (D:6)
  An ogre (D:6)
  A phantom (D:6)
  2 hounds
  2 iguanas
  Terence (D:3)
  4 gnolls (D:3)
  4 adders
  2 ufetubi
  2 worms
  A dart slug (D:2)
  5 orcs (D:3)
  6 endoplasms
  2 giant cockroaches (D:2)
  10 goblins
  10 hobgoblins
  4 jackals (D:1)
  A quokka (D:3)
  5 ball pythons
  3 bats
  A frilled lizard (D:3)
  11 kobolds
  3 rats (D:3)
82 creatures vanquished.

Notes
Turn   | Place    | Note
-------+----------+-------------------------------------------
     0 | D:1      | qw the Deep Elf Hunter began the quest for the Orb.
     0 | D:1      | Reached XP level 1. HP: 12/12 MP: 3/3
     0 | D:1      | 0 ||| qw: Version: 0.3-a-9-g12657ce
     0 | D:1      | 0 ||| qw: Game counter: 4107
     0 | D:1      | 0 ||| qw: Always use a shield: true
     0 | D:1      | 0 ||| qw: God list: Okawaru
     0 | D:1      | 0 ||| qw: Allow faded altars: false
     0 | D:1      | 0 ||| qw: Do Orc after D:15 true
     0 | D:1      | 0 ||| qw: Do second Lair branch before Depths: true
     0 | D:1      | 0 ||| qw: Lair rune preference: random
     0 | D:1      | 0 ||| qw: Plans: Normal
     0 | D:1      | 0 ||| PLANNING D:1-11
   140 | D:1      | Reached XP level 2. HP: 16/16 MP: 4/4
   142 | D:1      | Reached skill level 6 in Ranged Weapons
   142 | D:1      | Found Yluy's Book Boutique.
   452 | D:1      | Found a faded altar of an unknown god.
  1027 | D:1      | 1027 ||| UPGRADING to +0 ring mail.
  1037 | D:1      | 1037 ||| DROPPING +0 leather armour.
  1038 | D:1      | 1038 ||| DROPPING amulet of magic regeneration.
  1039 | D:1      | 1039 ||| UPGRADING to +6 ring of dexterity.
  1040 | D:1      | 1040 ||| READING scroll labelled ZIJAUCKIOFF.
  1041 | D:1      | 1041 ||| READING scroll labelled NESTUFAE YLUUMN.
  1042 | D:1      | 1042 ||| READING scroll labelled TIALO BAILEUFO.
  1043 | D:1      | 1043 ||| READING scroll labelled YHIEX WUUFOI.
  1044 | D:1      | 1044 ||| DROPPING scroll of butterflies.
  1065 | D:2      | Reached XP level 3. HP: 20/20 MP: 5/5
  1136 | D:2      | Reached skill level 7 in Ranged Weapons
  1377 | D:2      | 1377 ||| UPGRADING to +2 pair of gloves.
  1382 | D:2      | 1382 ||| UPGRADING to +0 cloak.
  1387 | D:2      | 1387 ||| READING 2 scrolls labelled DODAOSM KEGA.
  1388 | D:2      | 1388 ||| READING scroll labelled NINLUKHA VAEL.
  1389 | D:2      | 1389 ||| DROPPING scroll of noise.
  1391 | D:2      | 1391 ||| Stepping ~*~*~tactically~*~*~ (cloud).
  1393 | D:2      | HP: 5/20 [poisoned by you (poison gas)]
  1397 | D:2      | HP: 2/20 [poisoned by you (poison gas)]
  1627 | D:3      | Noticed Terence
  1633 | D:3      | Killed Terence
  1634 | D:3      | Reached XP level 4. HP: 25/25 MP: 6/6
  1680 | D:3      | Found a stormy altar of Qazlal.
  1808 | D:3      | 1808 ||| READING scroll of brand weapon.
  1808 | D:3      | 1808 ||| BRANDING +0 shortbow of flaming.
  1826 | D:3      | HP: 6/25 [orc/+0 dagger (3)]
  1894 | D:3      | 1894 ||| FLEEEEING.
  1895 | D:3      | 1895 ||| FLEEEEING.
  1896 | D:3      | 1896 ||| FLEEEEING.
  1925 | D:3      | Reached skill level 8 in Ranged Weapons
  1939 | D:3      | Found an opulent altar of Gozag.
  1955 | D:3      | 1955 ||| Stepping ~*~*~tactically~*~*~ (outnumbered).
  1958 | D:3      | 1958 ||| Stepping ~*~*~tactically~*~*~ (outnumbered).
  1960 | D:3      | 1960 ||| Stepping ~*~*~tactically~*~*~ (outnumbered).
  1965 | D:3      | Reached skill level 3 in Dodging
  1968 | D:3      | Reached XP level 5. HP: 21/29 MP: 7/7
  2100 | D:3      | Found a white marble altar of Elyvilon.
  2268 | D:3      | 2268 ||| UPGRADING to +6 ring of strength.
  2269 | D:3      | 2269 ||| READING 2 scrolls labelled AZARAL AXTAU.
  2270 | D:3      | 2270 ||| READING scroll labelled KUAVIU DESTIMU.
  2271 | D:3      | 2271 ||| DRINKING 2 white potions.
  2272 | D:3      | 2272 ||| DRINKING 2 viscous silvery potions.
  2475 | D:4      | Found a shadowy altar of Dithmenos.
  2601 | D:4      | Reached skill level 9 in Ranged Weapons
  2603 | D:4      | 2603 ||| FLEEEEING.
  2793 | D:4      | Found an ornate altar of the Wu Jian Council.
  2802 | D:4      | You fall into a shaft and drop 2 floors!
  2857 | D:6      | 2857 ||| FLEEEEING.
  2869 | D:6      | Reached XP level 6. HP: 31/35 MP: 8/8
  2884 | D:6      | 2884 ||| UPGRADING to ring of protection from cold.
  2886 | D:6      | 2886 ||| READING scroll labelled RIWOATHR TEURE.
  2887 | D:6      | 2887 ||| READING scroll labelled MESYTZ KOCW.
  2891 | D:6      | 2891 ||| READING 2 scrolls of identify.
  2891 | D:6      | 2891 ||| IDENTIFYING yellow potion
  2892 | D:6      | 2892 ||| DROPPING potion of berserk rage.
  2893 | D:6      | 2893 ||| Stepping randomly (stuck).
  2894 | D:6      | 2894 ||| Stepping randomly (stuck).
  2895 | D:6      | 2895 ||| Stepping randomly (stuck).
  2896 | D:6      | 2896 ||| Stepping randomly (stuck).
  2897 | D:6      | 2897 ||| Stepping randomly (stuck).
  2898 | D:6      | 2898 ||| Stepping randomly (stuck).
  2899 | D:6      | 2899 ||| Stepping randomly (stuck).
  2900 | D:6      | 2900 ||| Stepping randomly (stuck).
  2901 | D:6      | 2901 ||| Stepping randomly (stuck).
  2902 | D:6      | 2902 ||| Stepping randomly (stuck).
  2903 | D:6      | 2903 ||| Stepping randomly (stuck).
  2904 | D:6      | 2904 ||| Stepping randomly (stuck).
  2905 | D:6      | 2905 ||| Stepping randomly (stuck).
  2906 | D:6      | 2906 ||| Stepping randomly (stuck).
  2907 | D:6      | 2907 ||| Stepping randomly (stuck).
  2908 | D:6      | 2908 ||| Stepping randomly (stuck).
  2909 | D:6      | 2909 ||| Stepping randomly (stuck).
  2910 | D:6      | 2910 ||| Stepping randomly (stuck).
  2911 | D:6      | 2911 ||| Stepping randomly (stuck).
  2912 | D:6      | 2912 ||| Stepping randomly (stuck).
  2913 | D:6      | 2913 ||| Stepping randomly (stuck).
  2914 | D:6      | 2914 ||| Stepping randomly (stuck).
  2915 | D:6      | 2915 ||| Stepping randomly (stuck).
  2916 | D:6      | 2916 ||| Stepping randomly (stuck).
  2917 | D:6      | 2917 ||| Stepping randomly (stuck).
  2918 | D:6      | 2918 ||| Stepping randomly (stuck).
  2919 | D:6      | 2919 ||| Stepping randomly (stuck).
  2920 | D:6      | 2920 ||| Stepping randomly (stuck).
  2921 | D:6      | 2921 ||| Stepping randomly (stuck).
  2922 | D:6      | 2922 ||| Stepping randomly (stuck).
  2923 | D:6      | 2923 ||| Stepping randomly (stuck).
  2924 | D:6      | 2924 ||| Stepping randomly (stuck).
  2925 | D:6      | 2925 ||| Stepping randomly (stuck).
  3085 | D:6      | Reached skill level 1 in Armour
  3098 | D:6      | Noticed an orc warrior
  3102 | D:6      | Reached skill level 10 in Ranged Weapons
  3102 | D:6      | Reached XP level 7. HP: 22/40 MP: 9/9
  3106 | D:6      | HP: 7/40 [orc warrior/+0 flail (5)]
  3107 | D:6      | 3107 ||| DRINKING potion of heal wounds.
  3116 | D:6      | HP: 10/40 [orc warrior/+0 flail (8)]
  3118 | D:6      | HP: 1/40 [orc warrior/+0 flail (7)]
  3119 | D:6      | Slain by an orc warrior

Levels and vault maps discovered:
D:1:      dpeg_chamrin_arrival_tetris, layout_basic, serial_shops,
          nicolae_book_shop_shelving, hellmonk_ecumenical_altar_inner_sanctum,
          roderic_lattice_a
D:2:      layout_rooms, minmay_goblin_outpost
D:3:      layout_basic, mainiacjoe_overflow_tiny_flanked,
          mainiacjoe_overflow_concentric_impassable,
          nicolae_gozag_cash_rules_everything_around_me, uniq_terence
D:4:      layout_basic, nicolae_dithmenos_through_a_glass_darkly,
          nzn_wu_jian_contemplation, mrwooster_statue_mirror, corexii_shack,
          nicolae_shop_firing_range
D:6:      minmay_angry_zag, layout_basic, kennysheep_generic_room_9,
          uniq_menkaure

Skill      XL: |  1  2  3  4  5  6 |
---------------+-------------------+-----
Ranged Weapons | 6 7 8 9 10 | 10.1
Dodging        | 3 |  3.4
Fighting       | 2 |  2.0
Armour         | 1 |  1.9
Stealth        | |  1.2

Action                     |  1- 3 |  4- 6 |  7- 9 || total
---------------------------+-------+-------+-------++-------
   Fire: Shortbow          |   106 |   117 |    17 ||   240
    Use: Scroll            |     6 |     6 |       ||    12
         Potion            |       |     2 |     1 ||     3
 Armour: Leather armour    |     2 |       |       ||     2
         Ring mail         |     4 |    39 |     3 ||    46
  Dodge: Dodged            |    16 |    57 |    12 ||    85

Table legend:
 A = Non-vault XP
 B = Vault XP
 C = Vault XP percentage of total XP
 D = Non-vault monster count
 E = Vault monster count
 F = Vault count percentage of total count
                 A         B        C        D         E       F
            +---------+---------+-------+---------+---------+-------
      Total |     489 |     323 |  39.8 |      74 |       8 |   9.8
            +---------+---------+-------+---------+---------+-------
        D:1 |      35 |       0 |   0.0 |      21 |       0 |   0.0
        D:2 |      36 |       5 |  12.2 |      13 |       3 |  18.8
        D:3 |     105 |      36 |  25.5 |      28 |       1 |   3.4
        D:4 |     135 |       2 |   1.5 |       9 |       1 |  10.0
        D:6 |     178 |     280 |  61.1 |       3 |       3 |  50.0
            +---------+---------+-------+---------+---------+-------
